 Dungeon Crawl Stone Soup version 0.26.1-2-gb8aa6d0cf2 (webtiles) character file.

Game seed: 17030194095635586726

109 Alarak the Magician (level 4, -3/24 HPs)
             Began as a Deep Elf Summoner on Mar 22, 2021.
             Shot with an arrow by a centaur (9 damage)
             ... on level 4 of the Dungeon.
             The game lasted 00:08:41 (5596 turns).

Alarak the Magician (Deep Elf Summoner)             Turns: 5596, Time: 00:08:42

Health: -3/24      AC:  4    Str:  5    XL:     4   Next: 60%
Magic:  9/14       EV: 12    Int: 21    God:
Gold:   103        SH:  0    Dex: 15    Spells: 13/16 levels left

rFire    . . .     SeeInvis .   h - +1 dagger
rCold    + . .     Faith    .   (no shield)
rNeg     . . .     Spirit   .   n - +1 leather armour {rC+}
rPois    .         Reflect  .   (no helmet)
rElec    .         Harm     .   (no cloak)
rCorr    .         Rampage  .   (no gloves)
Will     .....                  (no boots)
Stlth    ++........             (no amulet)
HPRegen  0.08/turn              (no ring)
MPRegen  0.14/turn              (no ring)

@: no status effects
A: no striking features
a: no special abilities


You were on level 4 of the Dungeon.
You visited 1 branch of the dungeon, and saw 4 of its levels.

You collected 103 gold pieces.

Inventory:

Hand Weapons
 h - a +1 dagger (weapon)
Armour
 a - a +0 robe
 g - a +1 leather armour
 n - a +1 leather armour of cold resistance (worn)
Scrolls
 b - a scroll of identify
 c - 3 scrolls of remove curse
 d - 2 scrolls of teleportation
 i - a scroll of fear
 k - 2 scrolls of blinking
Potions
 j - 2 potions of degeneration
 l - a potion of heal wounds
 m - a potion of resistance


   Skills:
 - Level 2.4 Dodging
 - Level 2.4 Stealth
 + Level 6.6 Spellcasting
 - Level 4.3 Summonings


You had 13 spell levels left.
You knew the following spells:

 Your Spells              Type           Power        Failure   Level
a - Summon Small Mammal   Summ           100%         2%          1
b - Call Imp              Summ           25%          3%          2

Your spell library contained the following spells:

 Spells                   Type           Power        Failure   Level
 Call Canine Familiar     Summ           25%          8%          3
 Summon Guardian Golem    Hex/Summ       16%          19%         3
 Summon Ice Beast         Ice/Summ       16%          52%         4
 Summon Lightning Spire   Summ/Air       16%          52%         4


Dungeon Overview and Level Annotations

Branches:
Dungeon (4/15)
 Temple: D:4-7

Altars:


Message History

The ooze is moderately wounded.
The ooze closely misses you.
You hit the ooze.
The ooze is heavily wounded.
A centaur comes into view. It is wielding a +0 shortbow.
The ooze barely misses you.
The centaur shoots an arrow.
The arrow closely misses you.
You hit the ooze.
The ooze is severely wounded.
The ooze hits you but does no damage.
The centaur shoots an arrow.
The arrow hits you.
A beastly little devil appears in a puff of flame.
The centaur shoots an arrow.
The arrow hits you!
* * * LOW HITPOINT WARNING * * *
The ooze hits you.
* * * LOW HITPOINT WARNING * * *
You are too injured to fight recklessly!
You swap places.
The centaur shoots an arrow.
The arrow barely misses your white imp. The arrow hits you!
You die...

#.# #.#
####.######.#
#..5..<†(...#
#.##.#####.... .
#5##.# . ...
#5##.#
...c.#######.##..
.....(.5@....####
.....5J#######
.....#. .... #.
##. #. # #. #. #.


You could see a centaur, an ooze, a friendly crimson imp (summoned) and a
friendly white imp (summoned).

Vanquished Creatures
  An adder (D:4)
  A hobgoblin (D:3)
2 creatures vanquished.

Vanquished Creatures (collateral kills)
  An iguana (D:3)
  A worker ant (D:4)
  3 gnolls (D:2)
  4 adders
  2 worms (D:3)
  A dart slug (D:2)
  A leopard gecko (D:3)
  12 bats
  2 giant cockroaches
  6 goblins
  5 hobgoblins
  8 jackals
  A quokka (D:3)
  3 frilled lizards
  8 kobolds
  5 rats
63 creatures vanquished.

Grand Total: 65 creatures vanquished

Notes
Turn   | Place    | Note
-------+----------+-------------------------------------------
     0 | D:1      | Alarak the Deep Elf Summoner began the quest for the Orb.
     0 | D:1      | Reached XP level 1. HP: 10/10 MP: 6/6
   637 | D:1      | Reached skill level 4 in Spellcasting
   637 | D:1      | Reached XP level 2. HP: 15/15 MP: 3/9
   822 | D:1      | Learned a level 2 spell: Call Imp
  2846 | D:2      | Reached XP level 3. HP: 18/19 MP: 3/11
  3094 | D:2      | Reached skill level 5 in Spellcasting
  4285 | D:3      | Reached XP level 4. HP: 8/24 MP: 2/13
  4408 | D:3      | Reached skill level 6 in Spellcasting
  5593 | D:4      | Noticed a centaur
  5596 | D:4      | Shot with an arrow by a centaur

Illustrated notes

Levels and vault maps discovered:
D:1:      minmay_arrival_solitary_statue, layout_loops_ring
D:2:      layout_loops_corners, nrook_loot_triangle
D:3:      layout_rooms, wad_floor_pattern_1
D:4:      layout_loops_ring, fedhas_bush_and_centaur_altar

Skill      XL: |  1  2  3  4 |
---------------+-------------+-----
Spellcasting   | 4 5 6 |  6.6
Dodging        | |  2.4
Stealth        | |  2.4
Summonings     | |  4.3

Action                   |  1- 3 |  4- 6 || total
-------------------------+-------+-------++-------
Melee: Unarmed           |     1 |       ||     1
       Dagger            |    32 |    16 ||    48
 Cast: Summon Small Mamm |    46 |       ||    46
       Call Imp          |   106 |    34 ||   140
  Use: Scroll            |     4 |     6 ||    10
 Stab: Distracted        |       |     1 ||     1
Armor: Robe              |    13 |       ||    13
       Leather armour    |     7 |     6 ||    13
Dodge: Dodged            |    67 |    14 ||    81
